 Dungeon Crawl Stone Soup version 0.23-a0-454-gae4fabde77 (webtiles) character file.

3401 Napalmbreeze the Destroyer (level 9, -1/45 HPs)
             Began as a Deep Elf Fire Elementalist on Nov 24, 2018.
             Was a Follower of Vehumet.
             Slain by a centaur skeleton (5 damage)
             ... on level 8 of the Dungeon.
             The game lasted 00:20:30 (8178 turns).

Napalmbreeze the Destroyer (DEFE)                   Turns: 8178, Time: 00:20:30

Health: -1/45      AC:  3    Str:  5    XL:     9   Next: 75%
Magic:  22/23      EV: 13    Int: 24    God:    Vehumet [*.....]
Gold:   402        SH:  0    Dex: 15    Spells: 6/25 levels left

rFire    . . .     SeeInvis .   A - staff of wizardry
rCold    . . .     Gourm    .   (no shield)
rNeg     . . .     Faith    .   a - +0 robe
rPois    .         Spirit   .   q - +1 hat
rElec    .         Reflect  .   (no cloak)
rCorr    .         Harm     .   (no gloves)
MR       ++...                  (no boots)
Stlth    ++........             (no amulet)
HPRegen  0.15/turn              o - ring of protection from magic
MPRegen  0.18/turn              x - ring of protection from magic

@: no status effects
A: no striking features
a: Renounce Religion


You were on level 8 of the Dungeon.
You worshipped Vehumet.
Vehumet was aware of your devotion.
You were near starving.

You visited 2 branches of the dungeon, and saw 9 of its levels.

You collected 402 gold pieces.

Inventory:

Armour
 a - a +0 robe (worn)
 q - a +1 hat (worn)
Magical Staves
 A - an uncursed staff of wizardry (weapon)
Jewellery
 o - a ring of protection from magic (left hand)
 x - a ring of protection from magic (right hand)
Wands
 v - a wand of paralysis (5)
 z - a wand of acid (7)
Scrolls
 b - 4 scrolls of teleportation {unknown}
 g - 6 scrolls of remove curse
 j - 2 scrolls of random uselessness {unknown}
 k - 3 scrolls of magic mapping {unknown}
 l - 3 scrolls of fear {unknown}
 m - 4 scrolls of blinking {unknown}
 p - 4 scrolls of amnesia {unknown}
 u - 9 scrolls of identify {unknown}
 w - 2 scrolls of enchant weapon {unknown}
 y - a scroll of torment {unknown}
Potions
 d - 3 potions of lignification {unknown}
 e - 3 potions of curing {unknown}
 f - 2 potions of might {unknown}
 h - a potion of agility {unknown}
 i - a potion of haste {unknown}
 n - a potion of berserk rage {unknown}
 r - a potion of degeneration {unknown}
 s - a potion of brilliance {unknown}
 t - a potion of mutation {unknown}
Comestibles
 c - 18 rations
 B - 2 chunks of flesh


   Skills:
 - Level 2.4 Dodging
 - Level 2.4 Stealth
 + Level 8.8 Spellcasting
 * Level 9.9 Conjurations
 + Level 4.0 Summonings
 + Level 7.7 Fire Magic
 + Level 3.7 Air Magic


You had 6 spell levels left.
You knew the following spells:

 Your Spells              Type           Power        Failure   Level  Hunger
a - Flame Tongue          Conj/Fire      #####        1%          1    None
d - Conjure Flame         Conj/Fire      ######..     1%          3    None
e - Fireball              Conj/Fire      ######....   1%          5    ####...
f - Sticky Flame          Conj/Fire      ######..     1%          4    ##.....
q - Summon Lightning Spi  Summ/Air       ####....     4%          4    ##.....
s - Throw Flame           Conj/Fire      ######       1%          2    None

Your spell library contained the following spells:

 Spells                   Type           Power        Failure   Level  Hunger
 Shock                    Conj/Air       ####         1%          1    None
 Summon Small Mammal      Summ           ####         1%          1    None
 Call Imp                 Summ           ####....     1%          2    None
 Poisonous Vapours        Pois/Air       ###...       1%          2    None
 Call Canine Familiar     Summ           ####....     1%          3    None
 Inner Flame              Hex/Fire       ####....     1%          3    None
 Mephitic Cloud           Conj/Pois/Air  ####....     1%          3    None
 Confusing Touch          Hex            ##....       2%          1    None
 Summon Guardian Golem    Hex/Summ       ###.....     3%          3    None
 Confuse                  Hex            ##......     8%          3    None
 Gell's Gravitas          Tloc           ##........   8%          3    None
 Summon Ice Beast         Ice/Summ       ###.....     11%         4    ##.....
 Cause Fear               Hex            ##........   24%         4    ##.....
 Petrify                  Tmut/Erth      ##......     24%         4    ##.....
 Silence                  Hex/Air        ###.......   30%         5    ####...
 Freezing Cloud           Conj/Ice/Air   ####......   45%         6    ######.
 Metabolic Englaciation   Hex/Ice        ##........   52%         5    ####...
 Yara's Violent Unravell  Hex/Tmut       ##........   52%         5    ####...
 Deflect Missiles         Chrm/Air       ###.......   83%         6    ######.
 Ring of Flames           Chrm/Fire      ####......   98%         7    #######
 Discord                  Hex            ##........   100%        8    #######


Dungeon Overview and Level Annotations

Branches:
Dungeon (8/15)             Temple (1/1) D:6
   Lair: D:8-11

Altars:
Ashenzari
Cheibriados
Elyvilon
Gozag
Hepliaklqana
Kikubaaqudgha
Makhleb
Qazlal
Ru
Sif Muna
Trog
Uskayaw
Vehumet
Wu Jian
Yredelemnul
Zin
The Shining One


Message History

A centaur skeleton comes into view.
The bullfrog hits you.
You see here a bullfrog corpse.
You can't go up here!
You butcher the bullfrog corpse.
The bullfrog hits you.
Things that are here:
2 chunks of flesh; a bullfrog skeleton There isn't anything to butcher here.
B - 2 chunks of flesh The bullfrog hits you!
The bullfrog hits you.
The centaur skeleton closely misses you.
The bullfrog hits you.
Found a hand crossbow.
There is a stone staircase leading up here.
The centaur skeleton hits you!
* * * LOW HITPOINT WARNING * * *
The bullfrog hits you.
* * * LOW HITPOINT WARNING * * *
The centaur skeleton hits you.
You die...

####........
.#......... ...........
.......... ##.......
##......##..
##....Z...... ###..
###...F@......P #....
#.#.(Y......P.P #...
####.............P
##..##.#...........P.P)
#.........>#...###...PP
#........###..#


F.P.PP #.............##...PP. ##.....).#...(..PPPP.P ##..##<.#.#......P You
could see a yak, a bullfrog and a centaur skeleton.

Vanquished Creatures
  Grinder (D:4)
  A hippogriff (D:6)
  A human (D:7)
  A yak (D:7)
  3 hogs (D:7)
  Menkaure (D:4)
  An orc warrior (D:7)
  3 phantoms
  3 sky beasts
  An ogre (D:4)
  3 centaurs
  3 bullfrogs
  A water moccasin skeleton (D:6)
  A scorpion (D:8)
  A howler monkey (D:2)
  A bullfrog zombie (D:5)
  A centaur zombie (D:8)
  4 orc priests
  A hound (D:3)
  2 jellies (D:5)
  5 orc wizards
  2 bullfrog skeletons
  3 worker ants
  4 worker ant zombies (D:6)
  3 gnolls (D:2)
  8 adders
  An adder zombie (D:6)
  An adder skeleton (D:4)
  2 worms (D:4)
  11 dart slugs
  4 leopard geckos
  30 orcs
  5 giant cockroaches
  3 goblins
  5 hobgoblins
  6 kobolds
  2 quokkas
  A ball python (D:2)
  A ball python zombie (D:6)
  8 bats
  2 frilled lizards
  A jackal skeleton (D:6)
  A quokka skeleton (D:6)
  A quokka zombie (D:6)
  7 rats
151 creatures vanquished.

Vanquished Creatures (collateral kills)
  A phantom (D:7)
  A crocodile (D:7)
2 creatures vanquished.

Vanquished Creatures (others)
  A quokka (D:4)
1 creature vanquished.

Grand Total: 154 creatures vanquished

Notes
Turn   | Place    | Note
-------+----------+-------------------------------------------
     0 | D:1      | Napalmbreeze the Deep Elf Fire Elementalist began the quest
                  | for the Orb.
     0 | D:1      | Reached XP level 1. HP: 10/10 MP: 6/6
   127 | D:1      | Reached XP level 2. HP: 15/15 MP: 4/8
   156 | D:1      | Learned a level 2 spell: Throw Flame
   165 | D:1      | Reached skill level 2 in Conjurations
   982 | D:2      | Reached XP level 3. HP: 19/19 MP: 3/10
   987 | D:2      | Learned a level 3 spell: Conjure Flame
  1179 | D:2      | Reached skill level 3 in Conjurations
  1179 | D:2      | Reached XP level 4. HP: 24/24 MP: 4/11
  1351 | D:2      | Learned a level 4 spell: Sticky Flame
  1750 | D:2      | Reached XP level 5. HP: 28/28 MP: 10/13
  1755 | D:2      | Found a hazy altar of Hepliaklqana.
  2127 | D:3      | Reached skill level 4 in Conjurations
  2306 | D:3      | Found a bloodstained altar of Trog.
  2390 | D:3      | Found a faded altar of an unknown god.
  2647 | D:3      | Found a hide-covered altar of Uskayaw.
  2828 | D:4      | Noticed an ogre
  2842 | D:4      | Killed an ogre
  2843 | D:4      | Noticed a phantom
  2858 | D:4      | Noticed Menkaure
  3067 | D:4      | Reached XP level 6. HP: 26/32 MP: 9/15
  3087 | D:3      | Reached skill level 5 in Spellcasting
  3087 | D:3      | Reached skill level 5 in Conjurations
  3524 | D:4      | Reached skill level 5 in Fire Magic
  3605 | D:4      | Found a white marble altar of Elyvilon.
  3720 | D:4      | Learned a level 5 spell: Fireball
  3763 | D:4      | Noticed Grinder
  3789 | D:4      | Paralysed by Grinder for 6 turns
  3794 | D:4      | Killed Grinder
  3794 | D:4      | Reached skill level 6 in Conjurations
  3794 | D:4      | Reached XP level 7. HP: 22/36 MP: 5/17
  4011 | D:4      | Killed Menkaure
  4349 | D:5      | Entered Level 5 of the Dungeon
  4592 | D:5      | Reached skill level 7 in Conjurations
  4801 | D:5      | Reached XP level 8. HP: 40/41 MP: 6/20
  5362 | D:5      | Learned a level 4 spell: Summon Lightning Spire
  5470 | D:6      | Found a staircase to the Ecumenical Temple.
  5477 | Temple   | Entered the Ecumenical Temple
  5519 | Temple   | Became a worshipper of Vehumet
  5705 | D:6      | Reached skill level 8 in Conjurations
  5722 | D:6      | Reached skill level 1 in Summonings
  5740 | D:6      | Reached skill level 1 in Air Magic
  6520 | D:6      | Noticed a hippogriff
  6524 | D:6      | Killed a hippogriff
  6842 | D:7      | Reached XP level 9. HP: 45/45 MP: 7/22
  6844 | D:7      | Reached * piety under Vehumet
  6844 | D:7      | Offered knowledge of Shock by Vehumet.
  6996 | D:7      | Reached skill level 9 in Conjurations
  7177 | D:7      | Found a shattered altar of Ashenzari.
  7499 | D:7      | Found an ornate altar of the Wu Jian Council.
  8178 | D:8      | Slain by a centaur skeleton

Vault maps used:
D:1:      tarquinn_simple_flora_water_e, minmay_split_cup_small
D:2:      lemuel_coloured_pillars_altar
D:3:      nicolae_overflow_hidden_temple, old_standard_altar,
          chequers_ecumenical_altar_island
D:4:      kennysheep_slugbush, elyvilon_altar_4, first_ration, uniq_menkaure,
          uniq_grinder
D:6:      minmay_temple_entry_junction_2
D:7:      cheibrodos_ashenzari_chains, kennysheep_little_box, grunt_livestock
D:8:      minmay_bloctagon_deflated, due_lair_maze_entry_diamond, basic_altar,
          chequers_serial_rivers_small_3, uniq_erica
Temple:   eino_temple_rhombus

Skill      XL: |  1  2  3  4  5  6  7  8  9 |
---------------+----------------------------+-----
Conjurations   | 2 3 4 6 7 8 9 |  9.9
Spellcasting   | 4 5 6 7 8 |  8.8
Fire Magic     | 4 5 6 7 |  7.7
Summonings     | 2 4 |  4.0
Air Magic      | 2 3 |  3.7
Dodging        | |  2.4
Stealth        | |  2.4

Action                   |  1- 3 |  4- 6 |  7- 9 || total
-------------------------+-------+-------+-------++-------
Melee: Unarmed           |       |     2 |    45 ||    47
       Staff             |       |       |     5 ||     5
 Cast: Flame Tongue      |    37 |    56 |   127 ||   220
       Throw Flame       |    12 |    28 |    45 ||    85
       Conjure Flame     |     2 |     4 |     5 ||    11
       Sticky Flame      |       |     4 |    12 ||    16
       Fireball          |       |       |    17 ||    17
       Summon Lightning  |       |       |     2 ||     2
Evoke: Wand              |       |       |     1 ||     1
  Use: Scroll            |       |       |     1 ||     1
 Stab: Paralysed         |       |       |    10 ||    10
  Eat: Chunk             |     1 |     5 |    14 ||    20
       Ration            |       |     1 |     1 ||     2
Armor: Robe              |     6 |     3 |     9 ||    18
Dodge: Dodged            |     4 |    20 |    66 ||    90

Table legend:
 A = Non-vault XP
 B = Vault XP
 C = Vault XP percentage of total XP
 D = Non-vault monster count
 E = Vault monster count
 F = Vault count percentage of total count
                 A         B        C        D         E       F
            +---------+---------+-------+---------+---------+-------
      Total |    3173 |    1686 |  34.7 |     132 |      21 |  13.7
            +---------+---------+-------+---------+---------+-------
        D:1 |      26 |       4 |  13.3 |      15 |       3 |  16.7
        D:2 |     179 |       0 |   0.0 |      23 |       0 |   0.0
        D:3 |      63 |       0 |   0.0 |       7 |       0 |   0.0
        D:4 |     399 |     455 |  53.3 |      17 |      10 |  37.0
        D:5 |     613 |       0 |   0.0 |      27 |       0 |   0.0
        D:6 |     858 |       0 |   0.0 |      25 |       0 |   0.0
        D:7 |     783 |    1032 |  56.9 |      15 |       5 |  25.0
        D:8 |     252 |     195 |  43.6 |       3 |       3 |  50.0
            +---------+---------+-------+---------+---------+-------
